 Dungeon Crawl Stone Soup version 0.32-a0-136-gc02482bde3 (webtiles) character file.

Game seed: 14858143977231690077

4 runemasterragnar the Changeling (level 1, -2/15 HPs)
             Began as a Demonspawn Shapeshifter on Feb 11, 2024.
             Slain by a quokka (3 damage)
             ... on level 1 of the Dungeon.
             The game lasted 00:00:20 (71 turns).

runemasterragnar the Changeling (DsSh)                Turns: 71, Time: 00:00:20

Health: -2/15      AC:  2    Str: 14    XL:     1   Next: 50%
Magic:  1/1        EV: 12    Int: 10    God:
Gold:   0          SH:  0    Dex: 12    Spells: 0/0 levels left

rFire   . .          .
                       - Unarmed
rCold   . . .        (no shield)
rNeg    . . .        a - +0 animal skin
rPois   .            (helmet currently unavailable)
rElec   .            (cloak currently unavailable)
rCorr   .            (gloves currently unavailable)
SInv    .            (boots currently unavailable)
Will    .....        (no amulet)
Stlth   +            (no ring)
HPRegen 0.22/turn    (no ring)
MPRegen 0.07/turn

%: no passive effects
@: beast-form
A: beast (slay +1)
a: Begin Untransformation


You were on level 1 of the Dungeon.
You were a hulking beast.
You visited 1 branch of the dungeon, and saw 1 of its levels.

Inventory:

Armour
 a - a +0 animal skin (worn)
 f - a +0 pair of boots
Talismans
 c - a beast talisman
 d - a flux talisman
Scrolls
 e - a scroll of identify {unknown}
Potions
 b - a potion of lignification


   Skills:
 + Level 1.1 Fighting
 - Level 1.7 Dodging
 + Level 2.7 Unarmed Combat
 * Level 2.8 Shapeshifting


You couldn't memorise any spells.
You didn't know any spells.
Your spell library was empty.

Dungeon Overview and Level Annotations

Branches:
Dungeon (1/15)

Altars:


Message History

The bat is moderately wounded.
The bat hits you. The goblin hits you but does no damage.
You barely miss the quokka. The goblin misses you. The quokka bites you.
You completely miss the bat.
The bat is moderately wounded.
The bat barely misses you. The bat hits you.
The goblin hits you with a +0 club. The bat hits you.
The quokka closely misses you.
You are too injured to fight recklessly!
You are too injured to fight recklessly!
Unknown command.
You are too injured to fight recklessly!
You punch the goblin!
You kill the goblin!
You hit the quokka but do no damage. The bat barely misses you.
The quokka barely misses you.
You barely miss the quokka. The bat closely misses you. The quokka bites you.
You hit the quokka.
The quokka is moderately wounded.
The bat closely misses you. The quokka misses you.
The frilled lizard closely misses you.
You closely miss the quokka.
The quokka is moderately wounded.
The bat misses you. The bat closely misses you.
The quokka bites you but does no damage.
The frilled lizard bites you but does no damage.
You closely miss the quokka.
The quokka is moderately wounded.
The bat hits you but does no damage. The bat hits you.
The quokka closely misses you. The frilled lizard closely misses you.
The quokka closely misses you.
You closely miss the quokka. You punch the quokka.
The quokka is severely wounded.
The bat closely misses you. The quokka bites you.
* * * LOW HITPOINT WARNING * * *
The frilled lizard closely misses you.
You hit the quokka.
The quokka is almost dead.
The bat misses you. The quokka bites you.
You die...

........# ........#####
.[...:.......
#........~~~~
..#####........~≈~≈
...............~≈≈≈
###'####b..~~~~
#.....l#.......
#....#rh...~≈~~
#....###...≈≈≈~ ##....#
#...~≈≈~.~~≈
###.....###...~≈≈~.~≈
#.........#....~~~~.~
#.#######.#......... #
#.....#.#....##.. .
#.....#.#....##.# .#
#.##..#.#....##.####...


You could see a quokka, a bat and a frilled lizard.

Vanquished Creatures
  A bat (D:1)
  An endoplasm (D:1)
  A goblin (D:1)
3 creatures vanquished.

Notes
Turn   | Place    | Note
-------+----------+-------------------------------------------
     0 | D:1      | runemasterragnar the Demonspawn Shapeshifter began the
                  | quest for the Orb.
     0 | D:1      | Reached XP level 1. HP: 15/15 MP: 1/1
    71 | D:1      | Slain by a quokka

Illustrated notes

Levels and vault maps discovered:
D:1:      ebering_hopf_link, layout_basic, amethyst_killhole,
          chequers_decorated_corner, chequers_mini_garden, minivault_14

Action                     || total
---------------------------++-------
  Melee: Unarmed           ||    19
         Punch             ||     1
 Armour: Animal skin       ||    18
  Dodge: Dodged            ||    24

Table legend: (Time is in decaauts)
 A = Elapsed time spent in this place.
 B = Non-inter-level travel time spent in this place.
 C = Inter-level travel time spent in this place.
 D = Time resting spent in this place.
 E = Time spent auto-exploring this place.
 F = Levels seen in this place.
 G = Mean time per level.
                   A        B        C        D        E       F      G
               +--------+--------+--------+--------+--------+-----+--------+
         Total |     70 |     53 |     17 |      0 |     20 |   1 |   70.0 |
       Dungeon |     70 |     53 |     17 |      0 |     20 |   1 |   70.0 |
               +--------+--------+--------+--------+--------+-----+--------+

Top non-repeatable levels by time:
     D:1: 70 daAuts
